 Dungeon Crawl Stone Soup version 0.24.0-1-gfbc8707 (webtiles) character file.

Game seed: 17524487687011184475, levelgen mode: deterministic

715151 Sonofthefire the Gnoll Blade (level 27, -2/273 (275) HPs)
             Began as a Gnoll Transmuter on Oct 24, 2019.
             Was a High Priest of Cheibriados.
             Slain by a bennu (15 damage)
             ... on level 3 of the Tomb of the Ancients on Oct 29, 2019.
             The game lasted 16:48:31 (90725 turns).

Sonofthefire the Gnoll Blade (Gnoll Transmuter)    Turns: 90725, Time: 16:48:32

HP:   -2/273 (275)  AC: 27    Str: 44    XL:     27
MP:   41/46         EV: 45    Int: 49    God:    Cheibriados [*****.]
Gold: 5012          SH:  0    Dex: 52    Spells: 1/65 levels left

rFire    + . .     SeeInvis +   I - +7 great mace "Firestarter" {inner flame, rF++}
rCold    x . .     Gourm    .   (shield currently unavailable)
rNeg     + + +     Faith    .   J - +4 robe of Augmentation {Str+4 Int+4 Dex+4}
rPois    .         Spirit   .   n - +2 helmet "Tuerush" {Str+6}
rElec    .         Reflect  .   X - +2 cloak of Tender Moments {MR+ Regen+ Int+4}
rCorr    .         Harm     .   Q - +2 pair of gloves {Dex+3}
MR       +++..                  k - +2 pair of boots
Stlth    +++++++++.             t - amulet of Vitality {Regen+ HP+15}
HPRegen  1.35/turn              P - ring of Xiha {rC- rN+ Int+3 Dex+7 SInv}
MPRegen  0.30/turn              K - ring "Sasch" {rF- rN++ AC+4 Dex+5}

@: mighty, brilliant, agile, very slightly contaminated, slowed, studying 2
skills, very slow
A: distributed training, fangs 1, mutation resistance 1, robust 1, strong nose
}: 3/15 runes: barnacled, silver, gossamer
a: Bend Time, Temporal Distortion, Slouch, Step From Time, Renounce Religion


You were on level 3 of the Tomb of the Ancients.
You worshipped Cheibriados.
Cheibriados was extremely pleased with you.
You were not hungry.

You visited 12 branches of the dungeon, and saw 53 of its levels.
You visited the Abyss 6 times.
You visited 1 ziggurat, and saw 12 of its levels.
You also visited: Trove and Gauntlet.

You collected 9950 gold pieces.
You spent 4938 gold pieces at shops.

Inventory:

Hand Weapons
 j - the +7 hand crossbow of the Wraith {elec, rElec}
   (You found it on level 13 of the Dungeon)

   It charges the ammunition it shoots with electricity; occasionally upon a
   hit, such missiles may discharge and cause terrible harm.
   It insulates you from electricity.
 G - the +8 arc blade {discharge, rElec}
   (You found it on level 10 of a ziggurat)

   It insulates you from electricity.
 I - the +7 great mace "Firestarter" (weapon) {inner flame, rF++}
   (You took it off a yaktaur on level 5 of the Vaults)

   It has been specially enchanted to burn those struck by it, causing extra
   injury to most foes and up to half again as much damage against particularly
   susceptible opponents.
   It greatly protects you from fire.
Missiles
 p - 711 arrows
 C - 1294 bolts
 N - 49 silver javelins (quivered)
Armour
 k - a +2 pair of boots (worn)
 n - the +2 helmet "Tuerush" (worn) {Str+6}
   (You found it on level 3 of the Spider Nest)

   It affects your strength (+6).
 r - the +6 plate armour "Sasicias" {Regen+ rCorr}
   (You found it on level 4 of the Lair of Beasts)

   It increases your rate of regeneration.
   It provides partial protection from all sources of acid and corrosion.
 F - the +3 warlock's mirror {reflect}
   (You found it on level 3 of the Depths)
 J - the +4 robe of Augmentation (worn) {Str+4 Int+4 Dex+4}
   (You found it on level 5 of a ziggurat)

   It affects your strength (+4).
   It affects your intelligence (+4).
   It affects your dexterity (+4).
 M - the +2 scale mail of Wubyehut {Int+3 SInv}
   (You found it on level 5 of the Vaults)

   It affects your intelligence (+3).
   It lets you see invisible.
 Q - a +2 pair of gloves of dexterity (worn)
 X - the +2 cloak of Tender Moments (worn) {MR+ Regen+ Int+4}
   (You found it on level 5 of the Vaults)

   It affects your intelligence (+4).
   It affects your resistance to hostile enchantments.
   It increases your rate of regeneration.
Magical Staves
 Z - an uncursed staff of wizardry
Jewellery
 l - an uncursed ring of wizardry
 q - the ring "Xulliton" {rN+ MR+ Int+3}
   (You found it on level 2 of the Depths)

   [ring of protection from magic]

   It affects your intelligence (+3).
   It protects you from negative energy.
   It affects your resistance to hostile enchantments.
 t - the amulet of Vitality (around neck) {Regen+ HP+15}
   (You found it on level 3 of the Crypt)

   [amulet of regeneration]

   It affects your health (+15).
   It increases your rate of regeneration.
 z - the ring of Doors {rPois rC+ Stlth+}
   (You found it in a Gauntlet)

   [ring of protection from cold]

   It protects you from cold.
   It protects you from poison.
   It makes you more stealthy.
 B - the amulet "Huposiwn" {RegenMP rN+ Str+2 Int-5 SInv}
   (You found it on level 3 of the Depths)

   [amulet of magic regeneration]

   It increases your magic regeneration.
   It affects your strength (+2).
   It affects your intelligence (-5).
   It protects you from negative energy.
   It lets you see invisible.
 D - the ring "Bicafeg" {rF+ Str+7 Slay+2}
   (You found it in a treasure trove)

   [ring of protection from fire]

   It affects your strength (+7).
   It affects your accuracy and damage with ranged weapons and melee attacks
   (+2).
   It protects you from fire.
 K - the ring "Sasch" (right hand) {rF- rN++ AC+4 Dex+5}
   (You found it on level 13 of the Dungeon)

   [ring of protection]

   It affects your AC (+4).
   It affects your dexterity (+5).
   It makes you vulnerable to fire.
   It greatly protects you from negative energy.
 P - the ring of Xiha (left hand) {rC- rN+ Int+3 Dex+7 SInv}
   (You found it on level 2 of the Depths)

   [ring of positive energy]

   It affects your intelligence (+3).
   It affects your dexterity (+7).
   It makes you vulnerable to cold.
   It protects you from negative energy.
   It lets you see invisible.
Wands
 b - a wand of clouds (3)
 g - a wand of digging (16)
 u - a wand of iceblast (9)
 x - a wand of acid (9)
Scrolls
 a - 2 scrolls of summoning
 c - a scroll of amnesia
 f - 5 scrolls of fear
 m - 9 scrolls of magic mapping
 v - 12 scrolls of fog
 O - 13 scrolls of identify
 T - 4 scrolls of silence
 V - 19 scrolls of teleportation
Potions
 e - a potion of magic
 o - 5 potions of might
 E - 12 potions of brilliance
 L - 10 potions of curing
Books
 U - a manual of Translocations
 Y - a manual of Armour
Miscellaneous
 h - a crystal ball of energy
 i - a phial of floods (inert)
 R - a fan of gales (inert)
 W - a lamp of fire (inert)
Comestibles
 d - 93 rations


   Skills:
 + Level 23.8 Fighting
 + Level 19.4 Short Blades
 + Level 23.8 Long Blades
 + Level 19.4 Axes
 + Level 19.4 Maces & Flails
 + Level 19.4 Polearms
 + Level 19.8 Staves
 + Level 19.4 Slings
 + Level 19.4 Bows
 + Level 19.4 Crossbows
 + Level 19.4 Throwing
 + Level 20.9 Armour
 + Level 19.8 Dodging
 + Level 19.4 Stealth
 + Level 19.4 Shields
 + Level 20.1 Unarmed Combat
 + Level 19.8 Spellcasting
 + Level 16.8 Conjurations
 + Level 16.8 Hexes
 + Level 16.8 Charms
 + Level 16.8 Summonings
 + Level 16.8 Necromancy
 + Level 17.7 Translocations
 + Level 17.1 Transmutations
 + Level 16.8 Fire Magic
 + Level 16.8 Ice Magic
 + Level 16.8 Air Magic
 + Level 16.8 Earth Magic
 + Level 16.8 Poison Magic
 + Level 20.8 Invocations
 + Level 19.4 Evocations


You had one spell level left.
You knew the following spells:

 Your Spells              Type           Power        Failure   Level  Hunger
a - Invisibility          Hex            ########     1%          6    None
b - Aura of Abjuration    Summ           ########..   0%          5    None
c - Sticks to Snakes      Tmut           ########     0%          2    None
d - Shatter               Erth           ########..   4%          9    ##.....
e - Blade Hands           Tmut           ########..   0%          5    None
f - Darkness              Hex            ########..   1%          6    None
g - Dragon Form           Tmut           ########..   1%          7    None
h - Borgnjor's Vile Clut  Necr/Erth      ########..   0%          5    None
i - Metabolic Englaciati  Hex/Ice        ########..   0%          5    None
j - Ozocubu's Armour      Chrm/Ice       ########     0%          3    None
k - Deflect Missiles      Chrm/Air       ########..   1%          6    None
l - Song of Slaying       Chrm           ########     0%          2    None
m - Regeneration          Chrm/Necr      ########..   0%          3    None

Your spell library contained the following spells:

 Spells                   Type           Power        Failure   Level  Hunger
 Animate Skeleton         Necr           N/A          0%          1    None
 Apportation              Tloc           ######       0%          1    None
 Beastly Appendage        Tmut           ######       0%          1    None
 Confusing Touch          Hex            ######       0%          1    None
 Corona                   Hex            #######      0%          1    None
 Freeze                   Ice            ####         0%          1    None
 Infusion                 Chrm           ####         0%          1    None
 Magic Dart               Conj           ####         0%          1    None
 Sandblast                Erth           ######       0%          1    None
 Shock                    Conj/Air       ####         0%          1    None
 Sting                    Conj/Pois      ####         0%          1    None
 Summon Butterflies       Summ           ########     0%          1    None
 Summon Small Mammal      Summ           ####         0%          1    None
 Blink                    Tloc           N/A          0%          2    None
 Ensorcelled Hibernation  Hex/Ice        ######       0%          2    None
 Passwall                 Tmut/Erth      ########     0%          2    None
 Poisonous Vapours        Pois/Air       ######       0%          2    None
 Searing Ray              Conj           ######       0%          2    None
 Shroud of Golubria       Chrm/Tloc      ######       0%          2    None
 Sublimation of Blood     Necr           ########..   0%          2    None
 Swiftness                Chrm/Air       ########     0%          2    None
 Throw Frost              Conj/Ice       ######       0%          2    None
 Confuse                  Hex            ########     0%          3    None
 Conjure Flame            Conj/Fire      ########     0%          3    None
 Dazzling Spray           Conj/Hex       ######       0%          3    None
 Gell's Gravitas          Tloc           ########..   0%          3    None
 Ignite Poison            Fire/Tmut/Pois ########     0%          3    None
 Inner Flame              Hex/Fire       ########     0%          3    None
 Lesser Beckoning         Tloc           ########..   0%          3    None
 Mephitic Cloud           Conj/Pois/Air  ########     0%          3    None
 Portal Projectile        Hex/Tloc       ######       0%          3    None
 Recall                   Summ/Tloc      N/A          0%          3    None
 Spectral Weapon          Hex/Chrm       ########     0%          3    None
 Spider Form              Tmut/Pois      ########..   0%          3    None
 Static Discharge         Conj/Air       ########     0%          3    None
 Stone Arrow              Conj/Erth      ######       0%          3    None
 Summon Guardian Golem    Hex/Summ       ########     0%          3    None
 Teleport Other           Tloc           ########     0%          3    None
 Tukima's Dance           Hex            ########     0%          3    None
 Airstrike                Air            ########..   0%          4    None
 Animate Dead             Necr           N/A          0%          4    None
 Cause Fear               Hex            ########..   0%          4    None
 Force Lance              Conj/Tloc      ########     0%          4    None
 Fulminant Prism          Conj/Hex       ########..   0%          4    None
 Ice Form                 Ice/Tmut       ########     0%          4    None
 Iskenderun's Mystic Bla  Conj           ########     0%          4    None
 Leda's Liquefaction      Hex/Erth       ########..   0%          4    None
 Olgreb's Toxic Radiance  Pois           ########     0%          4    None
 Passage of Golubria      Tloc           N/A          0%          4    None
 Petrify                  Tmut/Erth      ########     0%          4    None
 Summon Ice Beast         Ice/Summ       ########     0%          4    None
 Summon Lightning Spire   Summ/Air       ########     0%          4    None
 Throw Icicle             Conj/Ice       ########     0%          4    None
 Alistair's Intoxication  Tmut/Pois      ########     0%          5    None
 Bolt of Magma            Conj/Fire/Erth ########..   0%          5    None
 Fireball                 Conj/Fire      ########..   0%          5    None
 Irradiate                Conj/Tmut      ########..   0%          5    None
 Iskenderun's Battlesphe  Conj/Chrm      ########     0%          5    None
 Lee's Rapid Deconstruct  Erth           ########..   0%          5    None
 Lightning Bolt           Conj/Air       ########..   0%          5    None
 Silence                  Hex/Air        ########..   0%          5    None
 Summon Demon             Summ           ########..   0%          5    None
 Summon Forest            Summ/Tloc      ########..   0%          5    None
 Summon Mana Viper        Hex/Summ       ########     0%          5    None
 Venom Bolt               Conj/Pois      ########..   0%          5    None
 Yara's Violent Unravell  Hex/Tmut       ########..   0%          5    None
 Bolt of Cold             Conj/Ice       ########..   1%          6    None
 Conjure Ball Lightning   Conj/Air       ########..   1%          6    None
 Death Channel            Necr           ########..   1%          6    None
 Freezing Cloud           Conj/Ice/Air   ########..   1%          6    None
 Hydra Form               Tmut           ########..   1%          6    None
 Iron Shot                Conj/Erth      ########..   1%          6    None
 Ozocubu's Refrigeration  Ice            ########..   1%          6    None
 Shadow Creatures         Summ           N/A          1%          6    None
 Simulacrum               Ice/Necr       ########..   1%          6    None
 Statue Form              Tmut/Erth      ########.    1%          6    None
 Orb of Destruction       Conj           ########..   1%          7    None
 Spellforged Servitor     Conj/Summ      ########..   1%          7    None
 Discord                  Hex            ########..   1%          8    None
 Ignition                 Fire           ########..   1%          8    None
 Tornado                  Air            ########..   4%          9    ##.....


Dungeon Overview and Level Annotations

Branches:
Dungeon (15/15)            Temple (1/1) D:6            Lair (6/6) D:9
 Shoals (4/4) Lair:3       Spider (4/4) Lair:2        Slime (0/5) Lair:6
    Orc (2/2) D:12            Elf (3/3) Orc:2        Vaults (5/5) D:13
  Crypt (3/3) Vaults:2       Tomb (3/3) Crypt:3      Depths (5/5) D:15
    Zot (2/5) Depths:5    Gauntlet (visited)

Altars:
Ashenzari
Cheibriados
Dithmenos
Elyvilon
Fedhas
Gozag
Hepliaklqana
Kikubaaqudgha
Makhleb
Nemelex Xobeh
Okawaru
Qazlal
Ru
Sif Muna
Trog
Uskayaw
Vehumet
Xom
Yredelemnul
Zin
The Shining One
Beogh
Jiyva

Shops:
D:4 *   D:6 %   D:9 ?   D:12 =   Orc:2 :?*(   Elf:1 ?   Elf:2 *   Shoals:1 ?
Vaults:1 !   Vaults:4 =   Depths:4 (*=

Portals:
Hell: Depths:1 Depths:2 Depths:3 Depths:4 Depths:5
Abyss: Depths:3 Depths:4 Depths:5
Pandemonium: Depths:3

Annotations:
D:4 2 transporters, Jabob's ghost, novice OpFi
Depths:5 3 runed translucent doors, exclusions: fire crab, player ghost, rakshasa, stone giant, very ugly thing and 5 more exclusions, Ubraesch's ghost, adept TrMo


Innate Abilities, Weirdness & Mutations

Your experience applies equally to all skills.
You have very sharp teeth.
Your uncanny sense of smell can sniff out nearby items.
You are somewhat resistant to further mutation.
You are robust. (+10% HP)


Message History

The greater mummy misses you.
You cannot cast spells when silenced!
Okay, then.
Okay, then.
Okay, then.
Evoke which item? (* to show all) (? for menu, Esc to quit)
Aiming: Cloud Cone
Press: ? - help, Dir - move target cursor, f - greater mummy
Aim: a greater mummy (severely damaged, inner flame)
You create a blast of negative energy!
Your hearing returns.
The death scarab completely misses you. The flying skull completely misses you.
The greater mummy gestures at you while chanting.
Something smites you!
* * * LOW HITPOINT WARNING * * *
The greater mummy misses you.
The iron dragon skeleton is engulfed in blazing flames.
The greater mummy casts a spell.
The bennu completely misses you. The bennu claws you!
You die...

.....
.[ ∆
.....
^M.
.....
#'#####
..s..
.....##
..z.z
#≈≈.(##
....s
#.M≈.#
#s≈s#
#°°.#
#@M^#


#M.szbMs.# ##..zsZs.# ##..§°§.# #.☼☼§§§# #.§§§§§# #.§§§§§# #....^.# You could
see 2 greater mummies, 2 emperor scorpions, a bennu, a guardian mummy, 4 death
scarabs, 2 flying skulls, a mummy and an iron dragon skeleton.

Vanquished Creatures
  Mara (Crypt:3)
  Mennas (Depths:4)
  15 greater mummies
  Sojobo (Depths:4)
  Boris (Tomb:2)
  2 Killer Klowns (Zig:12)
  Saint Roka (Orc:2)
  Frederick (Vaults:3)
  Xtahua (Depths:4)
  Margery (Depths:4)
  2 profane servitors (Abyss:1)
  Nikola (Vaults:3)
  3 golden dragons
  4 pandemonium lords (Zig:12)
  6 bone dragons
  Arachne (Spider:4)
  An electric golem (Zot:1)
  An iron giant (shapeshifter) (Zig:12)
  3 hellephants
  12 tentacled monstrosities
  8 liches
  5 titans
  2 deep elf blademasters (Elf:3)
  A deep elf master archer (Elf:3)
  14 tentacled starspawn
  An Executioner (Zig:12)
  3 quicksilver dragons
  A quicksilver dragon (shapeshifter) (Zig:12)
  Polyphemus (Shoals:2)
  Gastronok (Lair:2)
  2 krakens
  A sphinx (shapeshifter) (Depths:3)
  3 death cobs
  12 sphinxes
  Kirke (Shoals:2)
  3 storm dragons
  Donald (Orc:2)
  10 shadow dragons
  8 tengu reavers
  5 ancient champions
  3 azure jellies (shapeshifter) (Depths:3)
  2 daevas
  A nagaraja (Zig:6)
  Ilsuiw (Shoals:3)
  16 vault wardens
  4 revenants
  12 fire giants
  5 ghost moths
  A draconian scorcher (Zot:2)
  9 frost giants
  17 deep elf sorcerers
  6 emperor scorpions (Spider:4)
  2 iron dragons (Vaults:5)
  A draconian knight (Depths:5)
  An orc warlord (Vaults:2)
  5 balrugs
  A ghost moth (shapeshifter) (Depths:3)
  A caustic shrike zombie (Zig:8)
  17 ghouls
  2 curse skulls
  3 draconian shifters
  18 ironheart preservers
  5 deep elf elementalists
  11 war gargoyles
  A spriggan defender (Depths:4)
  A juggernaut skeleton (Zig:11)
  25 very ugly things
  A draconian annihilator (Depths:5)
  5 bennus
  An ophan (Abyss:2)
  15 stone giants
  A black draconian (Zot:1)
  6 deep elf demonologists
  10 vampire knights
  3 entropy weavers
  10 dire elephants
  3 white draconians
  12 deep elf annihilators
  A lorocyproca (Abyss:2)
  A red draconian (Zot:1)
  5 yellow draconians
  A minotaur (Gauntlet)
  A minotaur (shapeshifter) (Depths:3)
  2 spark wasps
  2 purple draconians (Depths:5)
  Azrael (D:14)
  The ghost of fooot the Severer, a journeyman MiFi of Okawaru (D:12)
  A blizzard demon (Depths:3)
  2 eidola
  8 fire dragons
  13 jiangshi
  4 merfolk javelineers (Shoals:4)
  12 ettins
  8 merfolk impalers
  6 crystal guardians
  24 mummy priests
  The ghost of snuffy the Fighter, a journeyman DsGl of Makhleb (D:9)
  13 great orbs of eyes
  8 deep elf death magi
  19 yaktaur captains
  Fannar (Orc:1)
  32 vault guards
  2 great orbs of eyes (shapeshifter)
  12 ogre magi
  11 deep elf high priests
  8 spriggan air magi
  6 rakshasas
  A ghost crab (Gauntlet)
  6 hydras
  9 ice dragons
  A hydra (shapeshifter) (Depths:4)
  A catoblepas (Shoals:2)
  4 anacondas
  A hell beast (Depths:4)
  An alligator (Zig:3)
  A shambling mangrove (Zig:3)
  7 centaur warriors
  The ghost of firemonkey the Geomancer, a novice DgEE (D:10)
  57 dancing weapons
  4 alligator snapping turtles
  The ghost of ryzol the Geomancer, a journeyman GrEE of Ru (D:9)
  5 merfolk avatars
  2 satyrs
  A two-headed ogre (shapeshifter) (Depths:5)
  2 death yaks (Shoals:2)
  35 two-headed ogres
  2 merfolk aquamancers (Shoals:4)
  An alligator (shapeshifter) (Zig:12)
  7 deep troll shamans
  3 death knights
  The ghost of Melum the Transmogrifier, a novice DrTm of Wu Jian (D:9)
  4 tengu warriors
  A shock serpent (Zig:6)
  A queen ant (Lair:4)
  2 hell hogs
  29 death scarabs
  8 deep troll earth magi
  A naga sharpshooter (Zig:6)
  10 vampire magi
  The ghost of riellis the Carver, a novice DgFi (D:9)
  5 spriggan berserkers
  10 orc high priests
  7 thrashing horrors
  Urug (Lair:1)
  34 deep elf knights
  A storm dragon zombie (Abyss:2)
  2 sun demons (Abyss:3)
  Sonja (Orc:1)
  17 wretched stars
  3 iron trolls
  A spriggan (Depths:5)
  2 titan skeletons
  A fire crab (shapeshifter) (D:13)
  26 skeletal warriors
  18 hell knights
  7 shadow wraiths
  3 spark wasp zombies
  A salamander mystic (Depths:2)
  An anaconda zombie (Crypt:1)
  9 glowing orange brains
  6 sixfirhies
  4 spatial maelstroms
  An iron troll (shapeshifter) (Zig:12)
  13 sea snakes
  11 flayed ghosts
  4 unseen horrors
  A naga ritualist (Zig:6)
  26 deep trolls
  An unseen horror (shapeshifter) (Elf:1)
  34 starcursed masses
  22 deep elf archers
  11 wizards
  23 ironbrand convokers
  4 obsidian statues (Depths:3)
  27 phantasmal warriors
  A golden dragon skeleton (Tomb:1)
  Pikel (D:7)
  2 anaconda skeletons (Abyss:2)
  32 harpies
  A sphinx zombie (Zig:11)
  A mana viper (Zig:6)
  18 orc knights
  2 oklob plants (Lair:4)
  A faun (shapeshifter) (Depths:3)
  3 wolf spider zombies
  A mana viper (shapeshifter) (Vaults:5)
  10 necromancers
  20 orb spiders
  48 ugly things
  2 stone giant zombies
  3 orc sorcerers
  A wolf spider (shapeshifter) (Depths:3)
  2 fire giant zombies
  2 human zombies
  12 elephants
  16 fauns
  98 deep elf magi
  30 wolf spiders
  2 iron dragon skeletons
  3 salamanders (Depths:2)
  A tengu skeleton (Zig:11)
  11 cyclopes
  4 frost giant zombies
  12 manticores
  7 worldbinders
  A moth of wrath (shapeshifter) (Depths:2)
  8 moths of wrath
  Maurice (D:10)
  2 rust devils (Abyss:4)
  2 frost giant skeletons
  A spectral centaur (D:12)
  A stone giant skeleton (Crypt:3)
  11 vault sentinels
  2 centaur zombies
  An eye of devastation (Depths:1)
  4 water nymphs
  2 apocalypse crabs
  A guardian serpent (shapeshifter) (Vaults:2)
  11 merfolk sirens
  A torpor snail (Spider:2)
  14 smoke demons
  Joseph (D:8)
  An eye of devastation (shapeshifter) (Depths:3)
  4 orange demons
  2 spiny frogs (shapeshifter)
  11 gargoyles
  7 black mambas
  3 hellions
  5 centaur skeletons
  2 molten gargoyles (Depths:3)
  2 shock serpent skeletons
  2 komodo dragons (shapeshifter)
  13 demonic crawlers
  2 minotaur zombies (Gauntlet)
  11 freezing wraiths
  10 spiny frogs
  5 komodo dragons
  A pale draconian skeleton (Crypt:2)
  3 rime drakes
  A sea snake zombie (Crypt:2)
  2 efreet
  52 yaktaurs
  2 kobold demonologists
  A spark wasp simulacrum (Depths:4)
  A rime drake (shapeshifter) (Vaults:4)
  A yaktaur (shapeshifter) (Depths:1)
  3 elf skeletons
  11 ancient zymes
  A tormentor (Zig:8)
  A swamp worm zombie (Crypt:2)
  34 guardian mummies
  A yaktaur zombie (Zig:1)
  An ice devil (Abyss:1)
  7 hellwings
  A yaktaur skeleton (Vaults:1)
  16 human skeletons
  2 tengu conjurers
  2 hydra zombies
  8 red devils
  A jumping spider (shapeshifter) (Depths:2)
  A polar bear (shapeshifter) (Depths:3)
  A polar bear (Lair:6)
  3 meliai (D:15)
  39 jumping spiders
  37 large abominations
  24 merfolk
  A wind drake (shapeshifter) (Depths:1)
  28 slime creatures
  A merfolk (shapeshifter) (Depths:4)
  4 trolls
  A troll (shapeshifter) (D:15)
  13 hippogriffs
  A shadow dragon simulacrum (Crypt:1)
  13 wind drakes
  A hydra skeleton (Crypt:3)
  14 hornets
  14 dream sheep
  2 harpy skeletons
  16 raiju
  2 blink frogs
  4 bog bodies
  An ettin zombie (Zig:8)
  A hippogriff (shapeshifter) (Vaults:2)
  13 snapping turtles
  A fire dragon zombie (Abyss:2)
  7 air elementals
  39 flying skulls
  3 redbacks (shapeshifter)
  An alligator zombie (Crypt:3)
  3 centaur simulacra (D:12)
  34 small abominations
  2 ettin skeletons
  79 redbacks
  7 shadows
  28 yaks
  Sigmund (D:2)
  27 tarantellas
  13 ushabtiu
  14 wraiths
  18 water elementals
  A tarantella (shapeshifter) (Vaults:5)
  2 wyverns
  6 ynoxinuls
  8 hogs
  7 fire bats
  A spriggan (shapeshifter) (Abyss:3)
  13 fire elementals
  A human (D:7)
  A yak (shapeshifter) (Depths:4)
  5 chaos spawn
  7 vampires
  Eustachio (D:4)
  2 golden eyes
  A basilisk (D:9)
  2 elf zombies
  A golden eye (shapeshifter) (Depths:4)
  A human (shapeshifter) (Vaults:2)
  7 hungry ghosts
  3 neqoxecs (Abyss:2)
  A steam dragon (Zig:2)
  2 vampire mosquitoes (D:14)
  A redback simulacrum (D:12)
  5 acid dragons
  11 insubstantial wisps
  7 spatial vortices
  14 water moccasins
  14 soldier ants (Lair:4)
  14 wargs
  A swamp worm (shapeshifter) (Depths:4)
  2 spiny frog zombies
  9 porcupines
  35 orc warriors
  A spectral hornet (D:12)
  3 hell hounds (D:14)
  An ogre skeleton (Vaults:1)
  2 hornet zombies (D:15)
  4 orc zombies (Vaults:1)
  3 floating eyes
  2 ice beasts (shapeshifter) (Zig:12)
  A sky beast (D:11)
  A spiny frog skeleton (Tomb:3)
  A snapping turtle zombie (Tomb:1)
  2 ettin simulacra
  9 necrophages
  2 eyes of draining
  33 ogres
  A slave (D:7)
  3 manticore zombies
  3 phantoms
  A swamp drake (Zig:2)
  A black bear (shapeshifter) (Vaults:3)
  3 black bears
  8 wolves
  5 ice beasts
  13 boggarts
  14 centaurs
  22 crocodiles
  A swamp dragon skeleton (Crypt:1)
  A big kobold (D:13)
  A big kobold (shapeshifter) (Depths:3)
  A hippogriff zombie (Crypt:1)
  23 bullfrogs
  2 gnoll sergeants
  12 earth elementals
  A glowing shapeshifter simulacrum (Vaults:1)
  8 scorpions
  An elf simulacrum (Vaults:3)
  4 killer bees (D:10)
  A manticore simulacrum (Abyss:2)
  A human simulacrum (Vaults:1)
  19 wights
  3 howler monkeys
  An electric eel (Spider:1)
  2 bullfrog zombies
  5 crimson imps
  6 quasits (Abyss:2)
  6 hounds
  2 jellies
  2 bullfrog skeletons
  47 orc priests
  19 orc wizards
  5 iguanas
  8 iron imps
  18 worker ants
  A statue (D:7)
  An acid dragon skeleton (Crypt:1)
  2 hound zombies (D:11)
  A hound skeleton (D:8)
  44 mummies
  7 adders
  7 gnolls
  4 shadow imps
  4 white imps
  7 ufetubi
  An adder zombie (D:7)
  2 adder skeletons
  A halfling skeleton (Crypt:2)
  5 worms
  5 ball lightnings (Depths:3)
  2 dart slugs
  7 leopard geckos
  103 orcs
  13 bats
  A bat zombie (Crypt:2)
  9 giant cockroaches
  A gnoll zombie (Crypt:2)
  12 goblins
  9 hobgoblins
  10 jackals
  6 quokkas
  A bat (shapeshifter) (Depths:3)
  6 frilled lizards
  13 kobolds
  3 leopard gecko skeletons
  2 quokka zombies
  4 rats
  6 crawling corpses
  A lurking horror (Abyss:2)
  13 plants
  8 starspawn tentacles
  3 tentacles
  A withered plant (Crypt:3)
3142 creatures vanquished.

Vanquished Creatures (collateral kills)
  2 tentacled monstrosities (Depths:4)
  2 storm dragons
  An entropy weaver (Lair:4)
  A dire elephant (Lair:6)
  An eidolon (Crypt:1)
  2 mummy priests
  2 yaktaur captains (Depths:4)
  A hydra (Lair:5)
  An ogre mage (Depths:4)
  A thrashing horror (Abyss:2)
  A golden dragon zombie (Crypt:1)
  A flayed ghost (Crypt:1)
  A necromancer (Crypt:1)
  2 orb spiders (Spider:3)
  A wolf spider (Spider:1)
  2 oklob plants (Lair:4)
  A torpor snail (Lair:6)
  A guardian mummy (Tomb:2)
  A slime creature (Vaults:2)
  2 hippogriffs
  3 redbacks
  A tarantella (Spider:3)
  2 yaks (Lair:6)
  A spatial vortex (Abyss:2)
  3 soldier ants (Lair:4)
  A porcupine (Lair:2)
  3 centaurs (Lair:3)
  A water moccasin zombie (Crypt:1)
  A small abomination (Abyss:3)
  7 worker ants (Lair:4)
  A mummy (Tomb:2)
  A ball python skeleton (Crypt:1)
  2 fungi (Lair:5)
  A plant (Lair:3)
55 creatures vanquished.

Vanquished Creatures (others)
  A very ugly thing (Zig:12)
  A yaktaur captain (Vaults:5)
  2 vault guards (Vaults:5)
  A merfolk aquamancer (Shoals:4)
  A satyr (Shoals:4)
  A tengu warrior (Depths:4)
  2 dancing weapons
  A wizard (Vaults:3)
  2 deep elf magi
  2 fauns
  A salamander (shapeshifter) (Vaults:5)
  A cyclops (Shoals:2)
  2 apocalypse crabs (Zig:12)
  A yaktaur (Depths:4)
  A demonic crawler (Spider:1)
  A merfolk (Shoals:4)
  2 flying skulls (Tomb:3)
  A redback (Spider:3)
  A water elemental (Depths:3)
  A ynoxinul (Abyss:3)
  A slave (D:7)
  A boggart (Vaults:2)
  A worker ant (D:7)
  5 ball lightnings (Depths:3)
  An orc (Vaults:3)
  5 bushes (D:9)
  A crawling corpse (Elf:3)
  2 fungi
  21 plants
  15 starspawn tentacles
  6 tentacles
  15 withered plants (Crypt:3)
100 creatures vanquished.

Grand Total: 3297 creatures vanquished

Notes
Turn   | Place    | Note
-------+----------+-------------------------------------------
     0 | D:1      | Sonofthefire the Gnoll Transmuter began the quest for the
                  | Orb.
     0 | D:1      | Reached XP level 1. HP: 17/17 MP: 6/6
   114 | D:1      | Reached XP level 2. HP: 17/23 MP: 7/7
   993 | D:1      | Reached XP level 3. HP: 27/28 MP: 9/9
  1004 | D:1      | Reached skill level 5 in Spellcasting
  1614 | D:2      | Noticed Sigmund
  1622 | D:1      | Learned a level 2 spell: Sticks to Snakes
  1626 | D:1      | Learned a level 3 spell: Spider Form
  1649 | D:2      | Killed Sigmund
  1649 | D:2      | Reached skill level 1 in Short Blades
  1649 | D:2      | Reached skill level 1 in Long Blades
  1649 | D:2      | Reached skill level 1 in Axes
  1649 | D:2      | Reached skill level 1 in Maces & Flails
  1649 | D:2      | Reached skill level 1 in Polearms
  1649 | D:2      | Reached skill level 1 in Staves
  1649 | D:2      | Reached skill level 1 in Slings
  1649 | D:2      | Reached skill level 1 in Bows
  1649 | D:2      | Reached skill level 1 in Crossbows
  1649 | D:2      | Reached skill level 1 in Throwing
  1649 | D:2      | Reached skill level 1 in Armour
  1649 | D:2      | Reached skill level 1 in Stealth
  1649 | D:2      | Reached skill level 1 in Shields
  1649 | D:2      | Reached skill level 1 in Conjurations
  1649 | D:2      | Reached skill level 1 in Hexes
  1649 | D:2      | Reached skill level 1 in Charms
  1649 | D:2      | Reached skill level 1 in Summonings
  1649 | D:2      | Reached skill level 1 in Necromancy
  1649 | D:2      | Reached skill level 1 in Translocations
  1649 | D:2      | Reached skill level 1 in Fire Magic
  1649 | D:2      | Reached skill level 1 in Ice Magic
  1649 | D:2      | Reached skill level 1 in Air Magic
  1649 | D:2      | Reached skill level 1 in Earth Magic
  1649 | D:2      | Reached skill level 1 in Poison Magic
  1649 | D:2      | Reached skill level 1 in Invocations
  1649 | D:2      | Reached skill level 1 in Evocations
  1649 | D:2      | Reached XP level 4. HP: 14/35 MP: 2/11
  1649 | D:2      | Reached XP level 5. HP: 17/41 MP: 2/12
  2549 | D:3      | Reached XP level 6. HP: 45/47 MP: 10/13
  2599 | D:3      | Found a glowing silver altar of Zin.
  2599 | D:3      | Found a hazy altar of Hepliaklqana.
  2764 | D:3      | Found a sacrificial altar of Ru.
  3033 | D:3      | Found a shattered altar of Ashenzari.
  3083 | D:4      | Learned a level 4 spell: Ice Form
  3089 | D:4      | Learned a level 5 spell: Blade Hands
  3175 | D:4      | Found Titsir's Assorted Antiques.
  3314 | D:4      | Noticed Eustachio
  3323 | D:4      | Killed Eustachio
  3323 | D:4      | Reached skill level 5 in Dodging
  3325 | D:4      | Reached XP level 7. HP: 39/52 MP: 8/15
  3736 | D:4      | Noticed Jabob's ghost (novice OpFi)
  3737 | D:4      | Found a transporter.
  3741 | D:4      | Found a transporter.
  3847 | D:5      | Entered Level 5 of the Dungeon
  4163 | D:5      | Reached XP level 8. HP: 49/60 MP: 10/16
  4206 | D:5      | Found a shattered altar of Ashenzari.
  4761 | D:6      | Found a staircase to the Ecumenical Temple.
  4808 | Temple   | Entered the Ecumenical Temple
  4855 | Temple   | Became a worshipper of Cheibriados the Contemplative
  5004 | D:6      | Found a bloodstained altar of Trog.
  5141 | D:6      | Found Goext's Food Emporium.
  5315 | D:6      | Found a basalt altar of Yredelemnul.
  5355 | D:7      | Noticed a hornet
  5643 | D:7      | Reached XP level 9. HP: 45/66 MP: 12/18
  5647 | D:7      | Reached skill level 5 in Transmutations
  5724 | D:7      | Paralysed by a hornet for 1 turns
  5725 | D:7      | Killed a hornet
  5725 | D:7      | Reached * piety under Cheibriados
  6069 | D:7      | Found a hide-covered altar of Uskayaw.
  6073 | D:7      | Noticed Pikel
  6079 | D:7      | Killed Pikel
  6079 | D:7      | Reached skill level 5 in Fighting
  6252 | D:7      | Found a radiant altar of Vehumet.
  6442 | D:7      | Reached skill level 5 in Invocations
  6616 | D:7      | Found an iron altar of Okawaru.
  6702 | D:8      | Reached XP level 10. HP: 72/74 MP: 14/20
  6913 | D:8      | Reached ** piety under Cheibriados
  7130 | D:8      | Noticed a deep elf mage
  7139 | D:8      | Killed a deep elf mage
  7139 | D:8      | Reached skill level 5 in Short Blades
  7139 | D:8      | Reached skill level 5 in Long Blades
  7139 | D:8      | Reached skill level 5 in Axes
  7139 | D:8      | Reached skill level 5 in Maces & Flails
  7139 | D:8      | Reached skill level 5 in Polearms
  7139 | D:8      | Reached skill level 5 in Staves
  7139 | D:8      | Reached skill level 5 in Slings
  7139 | D:8      | Reached skill level 5 in Bows
  7139 | D:8      | Reached skill level 5 in Crossbows
  7139 | D:8      | Reached skill level 5 in Throwing
  7139 | D:8      | Reached skill level 5 in Armour
  7139 | D:8      | Reached skill level 5 in Stealth
  7139 | D:8      | Reached skill level 5 in Shields
  7139 | D:8      | Reached skill level 5 in Evocations
  7347 | D:8      | Noticed Joseph
  7358 | D:8      | Killed Joseph
  7514 | D:8      | Reached *** piety under Cheibriados
  7620 | D:8      | Found a stormy altar of Qazlal.
  7820 | D:9      | Found a shadowy altar of Dithmenos.
  7842 | D:9      | Found Cukoxko's Magic Scroll Boutique.
  7861 | D:9      | Bought a scroll of remove curse for 39 gold pieces
  7861 | D:9      | Bought a scroll of teleportation for 39 gold pieces
  7861 | D:9      | Bought a scroll of blinking for 97 gold pieces
  7861 | D:9      | Bought a scroll of magic mapping for 45 gold pieces
  7861 | D:9      | Bought a scroll of teleportation for 39 gold pieces
  7861 | D:9      | Bought 2 scrolls of identify for 52 gold pieces
  7962 | D:9      | Found a staircase to the Lair.
  7990 | D:9      | Reached XP level 11. HP: 18/82 MP: 17/22
  8473 | D:9      | Reached **** piety under Cheibriados
  8539 | D:9      | Found a sparkling altar of Nemelex Xobeh.
  8629 | D:9      | Found a runed translucent gate.
  8629 | D:9      | Found a runed translucent gate.
  8629 | D:9      | Found a runed translucent gate.
  8631 | D:9      | Noticed Melum's ghost (novice DrTm)
  8632 | D:9      | Noticed ryzol's ghost (journeyman GrEE)
  8633 | D:9      | Noticed snuffy's ghost (journeyman DsGl)
  8633 | D:9      | Noticed riellis's ghost (novice DgFi)
  8806 | D:10     | Entered Level 10 of the Dungeon
  8849 | D:10     | Found a transporter.
  8850 | D:10     | Noticed firemonkey's ghost (novice DgEE)
  8905 | D:10     | Noticed Maurice
  8913 | D:10     | Killed Maurice
  9251 | D:10     | Noticed a two-headed ogre
  9314 | D:10     | Killed a two-headed ogre
  9314 | D:10     | Reached skill level 5 in Conjurations
  9314 | D:10     | Reached skill level 5 in Hexes
  9314 | D:10     | Reached skill level 5 in Charms
  9314 | D:10     | Reached skill level 5 in Summonings
  9314 | D:10     | Reached skill level 5 in Necromancy
  9314 | D:10     | Reached skill level 5 in Translocations
  9314 | D:10     | Reached skill level 5 in Fire Magic
  9314 | D:10     | Reached skill level 5 in Ice Magic
  9314 | D:10     | Reached skill level 5 in Air Magic
  9314 | D:10     | Reached skill level 5 in Earth Magic
  9314 | D:10     | Reached skill level 5 in Poison Magic
  9418 | D:10     | Found a transporter.
  9579 | D:10     | Noticed a two-headed ogre
  9591 | D:10     | Killed a two-headed ogre
 10246 | D:9      | Got a brightly glowing cloak
 10263 | D:9      | Identified the +0 cloak "Qoatust" {Str+4} (You found it on
                  | level 9 of the Dungeon)
 10485 | D:9      | Killed ryzol's ghost
 10549 | D:9      | Killed riellis's ghost
 10576 | D:9      | Killed snuffy's ghost
 10583 | D:9      | Killed Melum's ghost
 10786 | Lair:1   | Entered Level 1 of the Lair of Beasts
 10920 | Lair:1   | Reached XP level 12. HP: 77/92 MP: 19/24
 10992 | Lair:1   | Noticed a six-headed hydra
 11014 | Lair:1   | Killed a six-headed hydra
 11163 | Lair:1   | Noticed Urug
 11173 | Lair:1   | Killed Urug
 11173 | Lair:1   | Reached ***** piety under Cheibriados
 12115 | Lair:2   | Noticed Gastronok
 12512 | Lair:2   | Found a hole to the Spider Nest.
 12668 | Lair:2   | Killed Gastronok
 12788 | Lair:2   | Noticed a five-headed hydra
 12802 | Lair:2   | Killed a six-headed hydra
 13285 | Lair:3   | Reached skill level 10 in Unarmed Combat
 13290 | Lair:3   | Found a staircase to the Shoals.
 13905 | Lair:4   | Reached XP level 13. HP: 75/101 MP: 13/26
 14174 | Lair:4   | Got a twisted plate armour
 14185 | Lair:4   | Identified the +6 plate armour "Sasicias" {Regen+ rCorr}
                  | (You found it on level 4 of the Lair of Beasts)
 14633 | Lair:4   | Noticed an entropy weaver
 14649 | Lair:4   | Killed an entropy weaver
 14812 | Lair:4   | Noticed an entropy weaver
 14997 | Lair:4   | Killed an entropy weaver
 15107 | Lair:5   | Reached skill level 10 in Fighting
 15221 | Lair:5   | Reached ****** piety under Cheibriados
 16014 | Lair:6   | Entered Level 6 of the Lair of Beasts
 16078 | Lair:6   | Reached skill level 10 in Long Blades
 16272 | Lair:6   | Found a viscous altar of Jiyva.
 16273 | Lair:6   | Found a staircase to the Slime Pits.
 16818 | Lair:6   | Noticed a dire elephant
 16824 | Lair:6   | Killed a dire elephant
 16824 | Lair:6   | Reached skill level 10 in Spellcasting
 16829 | Lair:6   | Noticed a dire elephant
 16829 | Lair:6   | Noticed a dire elephant
 16835 | Lair:6   | Killed a dire elephant
 16835 | Lair:6   | Reached XP level 14. HP: 65/111 MP: 28/28
 16839 | Lair:6   | Killed a dire elephant
 16843 | Lair:6   | Noticed a dire elephant
 16855 | Lair:6   | Noticed a dire elephant
 16870 | Lair:6   | Killed a dire elephant
 16876 | Lair:6   | Killed a dire elephant
 17060 | Lair:6   | Got a twisted rapier
 17064 | Lair:6   | Identified the +7 rapier of Puevo {pierce, rElec Dex+5
                  | Stlth-} (You found it on level 6 of the Lair of Beasts)
 17101 | Lair:6   | Noticed a dire elephant
 17295 | Lair:6   | Learned a level 3 spell: Dazzling Spray
 17341 | Lair:6   | Killed a dire elephant
 17341 | Lair:6   | Reached skill level 10 in Dodging
 17423 | Lair:6   | Got a smoking rapier
 17426 | Lair:6   | Identified the +6 rapier "Veiviyz" {elec, Str+2 Dex+2} (You
                  | found it on level 6 of the Lair of Beasts)
 17623 | Spider:1 | Entered Level 1 of the Spider Nest
 17693 | Spider:1 | Reached skill level 10 in Invocations
 19144 | Spider:2 | Learned a level 7 spell: Dragon Form
 19224 | Spider:2 | Reached XP level 15. HP: 120/120 MP: 23/29
 19358 | Spider:2 | Noticed a ghost moth
 19368 | Spider:2 | Killed a ghost moth
 20966 | Spider:2 | Learned a level 6 spell: Bolt of Cold
 21039 | Spider:3 | Reached skill level 10 in Short Blades
 21039 | Spider:3 | Reached skill level 10 in Axes
 21039 | Spider:3 | Reached skill level 10 in Maces & Flails
 21039 | Spider:3 | Reached skill level 10 in Polearms
 21039 | Spider:3 | Reached skill level 10 in Staves
 21039 | Spider:3 | Reached skill level 10 in Slings
 21039 | Spider:3 | Reached skill level 10 in Bows
 21039 | Spider:3 | Reached skill level 10 in Crossbows
 21039 | Spider:3 | Reached skill level 10 in Throwing
 21039 | Spider:3 | Reached skill level 10 in Armour
 21039 | Spider:3 | Reached skill level 10 in Stealth
 21039 | Spider:3 | Reached skill level 10 in Shields
 21039 | Spider:3 | Reached skill level 10 in Evocations
 21367 | Spider:2 | Learned a level 5 spell: Irradiate
 21624 | Spider:3 | Upgraded the game from 0.24-b1-48-gd9db55c to
                  | 0.24.0-1-gfbc8707
 21693 | Spider:3 | Got a distressingly furry helmet
 21694 | Spider:3 | Identified the +2 helmet "Tuerush" {Str+6} (You found it on
                  | level 3 of the Spider Nest)
 21882 | Spider:4 | Entered Level 4 of the Spider Nest
 22172 | Spider:4 | Noticed an emperor scorpion
 22173 | Spider:4 | Noticed an emperor scorpion
 22185 | Spider:4 | Noticed Arachne
 22201 | Spider:4 | Reached XP level 16. HP: 84/130 MP: 1/31
 23208 | Spider:4 | Killed Arachne
 23703 | Spider:4 | Got a gossamer rune of Zot
 24190 | D:11     | Learned a level 6 spell: Hydra Form
 24894 | D:12     | Found Adu Xeab's Jewellery Emporium.
 25889 | D:12     | Found a runed translucent gate.
 25889 | D:12     | Found a runed translucent gate.
 25889 | D:12     | Found a runed translucent gate.
 25889 | D:12     | Noticed fooot's ghost (journeyman MiFi)
 26009 | D:12     | Found a staircase to the Orcish Mines.
 26024 | Orc:1    | Entered Level 1 of the Orcish Mines
 26029 | Orc:1    | Noticed Sonja
 26029 | Orc:1    | Paralysed by an orc sorcerer for 6 turns
 26034 | Orc:1    | Reached skill level 10 in Transmutations
 26034 | Orc:1    | Killed Sonja
 26328 | Orc:1    | Noticed Fannar
 26451 | Orc:1    | Killed Fannar
 26605 | Orc:2    | Entered Level 2 of the Orcish Mines
 26605 | Orc:2    | Noticed Donald
 26614 | Orc:2    | Killed Donald
 26663 | Orc:2    | Noticed Saint Roka
 26930 | Orc:2    | Killed Saint Roka
 27290 | Orc:2    | Found a staircase to the Elven Halls.
 27430 | Orc:2    | Reached XP level 17. HP: 110/139 MP: 12/33
 27455 | Orc:2    | Found a roughly hewn altar of Beogh.
 27531 | Orc:2    | Found Moocza Xosu's Magic Scroll Shop.
 27586 | Orc:2    | Bought a scroll of identify for 34 gold pieces
 27593 | Orc:2    | Bought a scroll of identify for 34 gold pieces
 27603 | Orc:2    | Found Zoteacko's Book Emporium.
 27743 | Orc:2    | Found Xistri Fenke's Weapon Shop.
 27765 | Orc:2    | Found Moluesuy's General Store.
 28046 | D:13     | Found a gate leading to a gauntlet.
 28059 | Gauntlet | Entered a Gauntlet
 28059 | Gauntlet | Found a transporter.
 28059 | Gauntlet | Found a transporter.
 28060 | Gauntlet | Found a runed translucent door.
 28067 | Gauntlet | Found a transporter.
 28071 | Gauntlet | Found a transporter.
 28079 | Gauntlet | Found a transporter.
 28083 | Gauntlet | Found a transporter.
 28091 | Gauntlet | Found a transporter.
 28107 | Gauntlet | Found a transporter.
 28122 | Gauntlet | Found a transporter.
 28125 | Gauntlet | Found a transporter.
 28136 | Gauntlet | Found a transporter.
 28137 | Gauntlet | Found a transporter.
 28497 | Gauntlet | Got an ancient pewter ring
 28505 | Gauntlet | Identified the ring of Doors {rPois rC+ Stlth+} (You found
                  | it in a Gauntlet)
 28678 | Gauntlet | Identified the Guide on the Dark Arsonist
 28890 | D:13     | Found a gate to the Vaults.
 29205 | D:13     | Learned a level 3 spell: Ignite Poison
 29209 | D:13     | Learned a level 3 spell: Inner Flame
 29214 | D:13     | Learned a level 3 spell: Conjure Flame
 29220 | D:13     | Learned a level 4 spell: Throw Icicle
 29242 | D:13     | Got a flickering lead ring
 29244 | D:13     | Identified the ring "Sasch" {rF- rN++ AC+4 Dex+5} (You
                  | found it on level 13 of the Dungeon)
 29299 | D:13     | Got a crude hand crossbow
 29300 | D:13     | Identified the +7 hand crossbow of the Wraith {elec, rElec}
                  | (You found it on level 13 of the Dungeon)
 29738 | D:14     | Noticed Azrael
 29749 | D:14     | Killed Azrael
 30187 | D:15     | Entered Level 15 of the Dungeon
 31051 | D:15     | Found a staircase to the Depths.
 31247 | Vaults:1 | Entered Level 1 of the Vaults
 31718 | Vaults:1 | Reached skill level 10 in Conjurations
 31718 | Vaults:1 | Reached skill level 10 in Hexes
 31718 | Vaults:1 | Reached skill level 10 in Charms
 31718 | Vaults:1 | Reached skill level 10 in Summonings
 31718 | Vaults:1 | Reached skill level 10 in Necromancy
 31718 | Vaults:1 | Reached skill level 10 in Translocations
 31718 | Vaults:1 | Reached skill level 10 in Fire Magic
 31718 | Vaults:1 | Reached skill level 10 in Ice Magic
 31718 | Vaults:1 | Reached skill level 10 in Air Magic
 31718 | Vaults:1 | Reached skill level 10 in Earth Magic
 31718 | Vaults:1 | Reached skill level 10 in Poison Magic
 31739 | Vaults:1 | Reached skill level 15 in Fighting
 31852 | Vaults:1 | Reached XP level 18. HP: 149/149 MP: 25/34
 32056 | Vaults:1 | Reached skill level 15 in Long Blades
 32816 | Vaults:1 | Found Geofro's Distillery.
 35031 | Vaults:2 | Reached XP level 19. HP: 157/157 MP: 22/36
 35699 | Vaults:2 | Paralysed by a vampire knight for 6 turns
 36128 | Vaults:2 | Found a staircase to the Crypt.
 36425 | Elf:1    | Entered Level 1 of the Elven Halls
 37280 | D:12     | Found a runed translucent gate.
 37280 | D:12     | Found a runed translucent gate.
 37280 | D:12     | Found a runed translucent gate.
 37295 | D:12     | Killed fooot's ghost
 37811 | D:12     | Found a staircase to the Orcish Mines.
 38113 | D:12     | Found Adu Xeab's Jewellery Emporium.
 38481 | Crypt:1  | Entered Level 1 of the Crypt
 41485 | Shoals:1 | Entered Level 1 of the Shoals
 42022 | D:10     | Killed firemonkey's ghost
 42240 | D:4      | Bought a potion of agility for 96 gold pieces
 42240 | D:4      | Bought a papyrus book for 360 gold pieces
 42240 | D:4      | Bought a scroll labeled NOS SUCONIGOU for 24 gold pieces
 42541 | Orc:2    | Learned a level 5 spell: Alistair's Intoxication
 42547 | Orc:2    | Learned a level 5 spell: Metabolic Englaciation
 42844 | Elf:1    | Cast into level 2 of the Abyss (a deep elf sorcerer)
 42844 | Abyss:2  | Found a corrupted altar of Lugonu.
 42856 | Abyss:2  | Found a corrupted altar of Lugonu.
 43260 | Abyss:2  | Reached XP level 20. HP: 164/166 MP: 31/37
 43313 | Elf:1    | Escaped the Abyss
 43339 | Elf:1    | Identified the Almanac of Creative Confrontation
 43421 | Elf:1    | Found Gimoor's Magic Scroll Shoppe.
 44102 | Elf:2    | Found Lagui's General Store.
 44746 | Elf:2    | Found a runed translucent gate.
 44753 | Elf:2    | Found a runed translucent gate.
 44756 | Elf:2    | Found a runed translucent gate.
 45408 | Elf:3    | Entered Level 3 of the Elven Halls
 45832 | Elf:3    | Identified the +1 hand axe of the Pit {freeze, +Blink}
 45904 | Elf:3    | Identified the cursed +3 hand axe of Riamitaneh {vamp, +Inv
                  | rPois rN+ Str-5}
 45904 | Elf:3    | Identified the ring of Henotheism {rPois rF+ rN+ Str-3}
 46037 | Elf:3    | Reached XP level 21. HP: 99/175 MP: 33/39
 46169 | Elf:3    | Found a shimmering blue altar of Sif Muna.
 46538 | Elf:3    | Identified the amulet of Naus {Gourm -Tele rPois rC+ Int+4}
 46572 | Elf:3    | Identified the cursed +1 dagger "Guprud" {drain, -Tele
                  | Dex+4 SInv}
 46593 | Elf:3    | Identified the ring "Raatatsao" {*Tele rN+ Int+3}
 46594 | Elf:3    | Identified the ring "Weosil" {rN+ Int+4}
 47548 | Shoals:1 | Reached skill level 15 in Unarmed Combat
 47556 | Shoals:1 | Found Alipymp's Magic Scroll Emporium.
 48024 | Shoals:2 | Noticed Polyphemus
 48034 | Shoals:2 | Killed Polyphemus
 48034 | Shoals:2 | Reached skill level 15 in Invocations
 48243 | Shoals:2 | Noticed Kirke
 48257 | Shoals:2 | Killed Kirke
 48807 | Shoals:3 | Noticed Ilsuiw
 48957 | Shoals:3 | Killed Ilsuiw
 49055 | Shoals:3 | Learned a level 3 spell: Ozocubu's Armour
 49807 | Shoals:3 | Reached XP level 22. HP: 185/185 MP: 40/40
 49837 | Shoals:4 | Entered Level 4 of the Shoals
 50286 | Shoals:4 | Got a barnacled rune of Zot
 50746 | Shoals:4 | Found a blossoming altar of Fedhas.
 51139 | Shoals:4 | Reached skill level 15 in Spellcasting
 51944 | Vaults:3 | Found a roughly hewn altar of Beogh.
 52349 | Vaults:3 | Reached skill level 15 in Dodging
 52541 | Vaults:3 | Noticed Nikola
 52558 | Vaults:3 | Killed Nikola
 53240 | Vaults:3 | Noticed Frederick
 53261 | Vaults:3 | Killed Frederick
 53299 | Vaults:3 | Reached XP level 23. HP: 190/194 MP: 39/42
 53493 | Vaults:4 | Found Effyfer's Jewellery Emporium.
 54530 | Vaults:4 | Found a portal to a secret trove of treasure.
 55336 | Orc:2    | Bought a scroll of enchant armour for 127 gold pieces
 55775 | Vaults:4 | You paid a toll of +3 fire dragon scales to enter a
                  | treasure trove
 55776 | Trove    | Entered a treasure trove
 55793 | Trove    | Got a steaming lapis lazuli ring
 55877 | Trove    | Got a wavering silver ring
 55879 | Trove    | Got a twitching bronze amulet
 55902 | Trove    | Got a shimmering amethyst amulet
 55903 | Trove    | Identified the amulet "Kimpeg" {Gourm rF+ Dex+3} (You found
                  | it in a treasure trove)
 55905 | Trove    | Identified the ring of Due Proportion {Fire Int+4 Stlth+}
                  | (You found it in a treasure trove)
 55919 | Trove    | Identified the amulet "Cowuust" {Gourm Int+4} (You found it
                  | in a treasure trove)
 55923 | Trove    | Identified the ring "Bicafeg" {rF+ Str+7 Slay+2} (You found
                  | it in a treasure trove)
 56052 | Trove    | Learned a level 6 spell: Deflect Missiles
 56221 | Vaults:5 | Entered Level 5 of the Vaults
 56238 | Vaults:4 | Reached skill level 15 in Short Blades
 56238 | Vaults:4 | Reached skill level 15 in Axes
 56238 | Vaults:4 | Reached skill level 15 in Maces & Flails
 56238 | Vaults:4 | Reached skill level 15 in Polearms
 56238 | Vaults:4 | Reached skill level 15 in Staves
 56238 | Vaults:4 | Reached skill level 15 in Slings
 56238 | Vaults:4 | Reached skill level 15 in Bows
 56238 | Vaults:4 | Reached skill level 15 in Crossbows
 56238 | Vaults:4 | Reached skill level 15 in Throwing
 56238 | Vaults:4 | Reached skill level 15 in Armour
 56238 | Vaults:4 | Reached skill level 15 in Stealth
 56238 | Vaults:4 | Reached skill level 15 in Shields
 56238 | Vaults:4 | Reached skill level 15 in Evocations
 56920 | Vaults:5 | Cast into level 3 of the Abyss (a deep elf sorcerer)
 57308 | Vaults:5 | Escaped the Abyss
 57322 | Vaults:4 | Reached XP level 24. HP: 176/203 MP: 32/42
 57605 | Vaults:5 | Identified a scroll of acquirement
 57605 | Vaults:5 | Cast into level 3 of the Abyss (a deep elf sorcerer)
 57677 | Abyss:3  | Learned a level 6 spell: Statue Form
 57724 | Vaults:5 | Escaped the Abyss
 57875 | Vaults:4 | Learned a level 5 spell: Aura of Abjuration
 57880 | Vaults:5 | Cast into level 2 of the Abyss (a deep elf sorcerer)
 58320 | Vaults:5 | Escaped the Abyss
 59472 | Vaults:5 | Identified the +2 bardiche of Battle {speed, rElec rC+
                  | SInv}
 59472 | Vaults:5 | Identified the +1 robe of the Midnight Sun {Dex+4}
 59814 | Vaults:5 | Identified the Disquisition on Dislocated Cold
 59835 | Vaults:5 | Got a crude scale mail
 59846 | Vaults:5 | Identified the +2 scale mail of Wubyehut {Int+3 SInv} (You
                  | found it on level 5 of the Vaults)
 60363 | Vaults:5 | Learned a level 6 spell: Bolt of Cold
 60781 | Vaults:5 | Got a silver rune of Zot
 60961 | Vaults:5 | Got a slimy cloak
 60972 | Vaults:5 | Identified the +2 cloak of Tender Moments {MR+ Regen+
                  | Int+4} (You found it on level 5 of the Vaults)
 62294 | D:13     | Learned a level 2 spell: Sticks to Snakes
 62449 | Crypt:1  | Reached XP level 25. HP: 172/212 MP: 43/43
 63989 | Crypt:2  | Got a smoking shield
 63999 | Crypt:2  | Identified the +0 shield "Betuj" {rF++ MR- Str+4} (You
                  | acquired it on level 2 of the Crypt)
 64301 | Crypt:3  | Entered Level 3 of the Crypt
 64648 | Crypt:3  | Noticed Mara
 64671 | Crypt:3  | Noticed Sonofthefire's illusion
 64685 | Crypt:3  | Noticed Sonofthefire's illusion
 64691 | Crypt:3  | Killed Mara
 64842 | Crypt:3  | Found the amulet of Vitality {Regen+ HP+15}
 65120 | Crypt:3  | Identified a +2 pair of boots of running (You found it on
                  | level 3 of the Crypt)
 65538 | Crypt:3  | Found a staircase to the Tomb.
 66580 | Tomb:1   | Entered Level 1 of the Tomb of the Ancients
 67354 | Shoals:1 | Bought a scroll of teleportation for 39 gold pieces
 67354 | Shoals:1 | Bought a scroll of teleportation for 39 gold pieces
 67354 | Shoals:1 | Bought 3 scrolls of teleportation for 117 gold pieces
 67354 | Shoals:1 | Bought a scroll of amnesia for 45 gold pieces
 67694 | Elf:1    | Bought a scroll of fear for 42 gold pieces
 67694 | Elf:1    | Bought a scroll of fear for 42 gold pieces
 67694 | Elf:1    | Bought a scroll of fear for 42 gold pieces
 67694 | Elf:1    | Bought a scroll of summoning for 114 gold pieces
 67779 | Orc:2    | Bought a scroll of teleportation for 51 gold pieces
 67779 | Orc:2    | Bought a scroll of teleportation for 51 gold pieces
 67779 | Orc:2    | Bought 2 scrolls of blinking for 255 gold pieces
 67779 | Orc:2    | Bought a scroll of holy word for 127 gold pieces
 67779 | Orc:2    | Bought a scroll of fog for 34 gold pieces
 67788 | Orc:2    | Bought a book of Battle for 720 gold pieces
 67791 | Orc:2    | Learned a level 2 spell: Song of Slaying
 67971 | Depths:1 | Entered Level 1 of the Depths
 67981 | Depths:1 | Reached XP level 26. HP: 222/222 MP: 43/43
 68538 | Depths:1 | Identified Syitiur's Grimoire of Curses
 68553 | Depths:1 | Got a fine diamond amulet
 68556 | Depths:1 | Identified the amulet "Levvuj" {Faith rPois rC+ Dex+4} (You
                  | found it on level 1 of the Depths)
 68583 | Depths:1 | Found a gateway to a ziggurat.
 68598 | Depths:1 | Learned a level 5 spell: Lee's Rapid Deconstruction
 68600 | Depths:1 | Paralysed by a floating eye for 3 turns
 68951 | Depths:1 | Found a gateway to Hell.
 69441 | Depths:2 | Cast into level 2 of the Abyss (hell knight)
 70183 | Depths:2 | Escaped the Abyss
 70895 | Depths:2 | Paralysed by a floating eye for 2 turns
 70909 | Depths:2 | Identified the Papyrus of the Boosting Voyage
 70910 | Depths:2 | Got a shimmering amber ring
 70912 | Depths:2 | Identified the ring of Xiha {rC- rN+ Int+3 Dex+7 SInv} (You
                  | found it on level 2 of the Depths)
 70914 | Depths:2 | Got a transparent silver ring
 70916 | Depths:2 | Identified the ring "Xulliton" {rN+ MR+ Int+3} (You found
                  | it on level 2 of the Depths)
 71190 | Depths:3 | Reached skill level 15 in Transmutations
 71405 | Depths:3 | Reached XP level 27. HP: 231/231 MP: 37/44
 71782 | Depths:3 | Got a crude silver amulet
 71788 | Depths:3 | Identified the amulet "Huposiwn" {RegenMP rN+ Str+2 Int-5
                  | SInv} (You found it on level 3 of the Depths)
 71896 | Depths:3 | Found a one-way gate to the infinite horrors of the Abyss.
 71915 | Depths:3 | Identified the cursed +0 trident of Compassion {pain, rPois
                  | SInv}
 71941 | Depths:3 | Found the +3 warlock's mirror {reflect}
 72034 | Depths:3 | Found a one-way gate leading to the halls of Pandemonium.
 72591 | Depths:3 | Got a bone hand axe
 72594 | Depths:3 | Got a crystal quarterstaff
 72598 | Depths:3 | Identified the +4 hand axe of the Magi {drain, Fragile rN+
                  | Int+4} (You found it on level 3 of the Depths)
 72727 | Depths:2 | Identified the cursed +0 quarterstaff of Himmog {freeze,
                  | *Slow rElec MR+} (You found it on level 3 of the Depths)
 73185 | Depths:3 | Got a crude pewter ring
 73187 | Depths:3 | Identified the ring "Vycarph" {*Slow rPois rF+ Int+2 Dex+7}
                  | (You found it on level 3 of the Depths)
 73368 | Depths:4 | Learned a level 3 spell: Regeneration
 73509 | Depths:4 | Reached skill level 15 in Conjurations
 73509 | Depths:4 | Reached skill level 15 in Hexes
 73509 | Depths:4 | Reached skill level 15 in Charms
 73509 | Depths:4 | Reached skill level 15 in Summonings
 73509 | Depths:4 | Reached skill level 15 in Necromancy
 73509 | Depths:4 | Reached skill level 15 in Translocations
 73509 | Depths:4 | Reached skill level 15 in Fire Magic
 73509 | Depths:4 | Reached skill level 15 in Ice Magic
 73509 | Depths:4 | Reached skill level 15 in Air Magic
 73509 | Depths:4 | Reached skill level 15 in Earth Magic
 73509 | Depths:4 | Reached skill level 15 in Poison Magic
 74389 | Depths:4 | Found Lattit's Weapon Shop.
 74402 | Depths:4 | Found Ifumag's General Store.
 74435 | Depths:4 | Noticed Margery
 74462 | Depths:4 | Killed Margery
 74531 | Depths:4 | Noticed Mennas
 74533 | Depths:4 | Noticed Sojobo
 74677 | Zig:1    | Entered Level 1 of a ziggurat
 74702 | Zig:2    | Entered Level 2 of a ziggurat
 74738 | Zig:3    | Entered Level 3 of a ziggurat
 74781 | Zig:4    | Entered Level 4 of a ziggurat
 74814 | Zig:4    | Got a fine silver ring
 74816 | Zig:4    | Got a scintillating bronze ring
 74824 | Zig:4    | Identified the ring "Byinoraj" {rF+ MR+ Stlth-} (You found
                  | it on level 4 of a ziggurat)
 74828 | Zig:4    | Identified the ring of the Seer {Dex+4 Stlth-} (You found
                  | it on level 4 of a ziggurat)
 74836 | Zig:5    | Entered Level 5 of a ziggurat
 74878 | Zig:5    | Found the +4 robe of Augmentation {Str+4 Int+4 Dex+4}
 74936 | Zig:6    | Entered Level 6 of a ziggurat
 75143 | Zig:6    | Identified the Disquisition on Bewitching Venom
 75178 | Zig:6    | Learned a level 6 spell: Invisibility
 75179 | Zig:6    | Got an emerald-encrusted scale mail
 75180 | Zig:6    | Identified the +2 scale mail of Dice, Bag, and Bottle
                  | {Dex+4} (You found it on level 6 of a ziggurat)
 75219 | Zig:6    | Learned a level 5 spell: Borgnjor's Vile Clutch
 75227 | Zig:6    | Learned a level 6 spell: Darkness
 75247 | Zig:7    | Entered Level 7 of a ziggurat
 75344 | Zig:7    | Got a pitted hunting sling
 75346 | Zig:7    | Identified the cursed +1 hunting sling of Gueq {velocity,
                  | -Tele rElec rC+} (You found it on level 7 of a ziggurat)
 75364 | Zig:8    | Entered Level 8 of a ziggurat
 75592 | Zig:8    | Got a bloodstained buckler
 75611 | Zig:8    | Identified the cursed +0 buckler "Qustyc" {rPois rN++ Int-3
                  | Dex-3 SInv} (You found it on level 8 of a ziggurat)
 75625 | Zig:8    | Got an iridescent great mace
 75631 | Zig:8    | Identified the +2 great mace "Curphonirch" {crush, Int+3}
                  | (You found it on level 8 of a ziggurat)
 75637 | Zig:8    | Got a scorched spear
 75638 | Zig:8    | Identified the +12 spear of the Demagogue {venom, rF- MR++
                  | Stlth+} (You found it on level 8 of a ziggurat)
 75661 | Zig:9    | Entered Level 9 of a ziggurat
 75743 | Zig:9    | Got a fine scale mail
 75767 | Zig:9    | Identified the +2 scale mail of Life {rC+ MR+ Dex-3 Stlth+}
                  | (You found it on level 9 of a ziggurat)
 75782 | Zig:10   | Entered Level 10 of a ziggurat
 75803 | Zig:10   | Found the +8 arc blade {discharge, rElec}
 76012 | Zig:11   | Entered Level 11 of a ziggurat
 76054 | Zig:11   | Found the +6 Majin-Bo {vamp, Archmagi MP+6 Int+6}
 76071 | Zig:11   | Identified the Handbook of Lucky Damage Dealing
 76075 | Zig:11   | Identified the Volume of the Rocks and Flight
 76099 | Zig:11   | Got an iridescent war axe
 76100 | Zig:11   | Identified the cursed +2 war axe "Xaonned" {drain, rElec
                  | rN++ Dex+3 Stlth-} (You found it on level 11 of a ziggurat)
 76255 | Zig:12   | Entered Level 12 of a ziggurat
 76263 | Zig:12   | Noticed Ruukuke the pandemonium lord
 76266 | Zig:12   | Noticed Ipacsuth the pandemonium lord
 76267 | Zig:12   | Noticed Zelirekh the pandemonium lord
 76268 | Zig:12   | Noticed Jiablen the pandemonium lord
 76303 | Zig:12   | Killed Ipacsuth the pandemonium lord
 76317 | Zig:12   | Killed Ruukuke the pandemonium lord
 76318 | Zig:12   | Killed Zelirekh the pandemonium lord
 76324 | Zig:12   | Killed Jiablen the pandemonium lord
 76386 | Zig:12   | Found the +15 Maxwell's patent armour {-Cast -Tele rElec
                  | MR+ rCorr}
 76412 | Zig:12   | Got a brightly glowing golden amulet
 76464 | Zig:12   | Got a smoking flail
 76466 | Zig:12   | Got a brightly glowing shortbow
 76473 | Zig:12   | Identified the cursed +0 flail of the Crawling Thing
                  | {speed, Int+4} (You found it on level 12 of a ziggurat)
 76557 | Depths:4 | Bought a scroll of remove curse for 39 gold pieces
 76562 | Depths:4 | Identified the +9 shortbow "Killer Bee's Doom" {venom,
                  | *Corrode Str+8 Dex-3 Stlth+} (You found it on level 12 of a
                  | ziggurat)
 76579 | Depths:4 | Identified the amulet of Midgh {Faith *Corrode rElec rN+
                  | MR+} (You found it on level 12 of a ziggurat)
 76738 | Depths:4 | Noticed Xtahua
 76773 | Depths:4 | Killed Xtahua
 76775 | Depths:4 | Found Fommucez's Jewellery Emporium.
 76828 | Depths:4 | Gained mutation: You are weak. (Str -2) [mutagenic glow]
 76860 | Depths:4 | Lost mutation: You are weak. (Str -2) [potion of mutation]
 76860 | Depths:4 | Gained mutation: You occasionally shout uncontrollably at
                  | your foes. [potion of mutation]
 76860 | Depths:4 | Gained mutation: Your magical capacity is low. (-10% MP)
                  | [potion of mutation]
 76860 | Depths:4 | Gained mutation: You tend to lose your temper in combat.
                  | [potion of mutation]
 76860 | Depths:4 | Gained mutation: You evolve. [potion of mutation]
 76861 | Depths:4 | Lost mutation: You tend to lose your temper in combat.
                  | [potion of mutation]
 76861 | Depths:4 | Lost mutation: You evolve. [potion of mutation]
 76861 | Depths:4 | Lost mutation: Your magical capacity is low. (-10% MP)
                  | [potion of mutation]
 76861 | Depths:4 | Gained mutation: You tend to lose your temper in combat.
                  | [potion of mutation]
 76861 | Depths:4 | Gained mutation: Your flesh is heat resistant. (rF+)
                  | [potion of mutation]
 76922 | Depths:4 | Killed Mennas
 77199 | Depths:4 | Killed Sojobo
 77353 | Depths:3 | Lost mutation: You tend to lose your temper in combat.
                  | [potion of mutation]
 77353 | Depths:3 | Lost mutation: Your flesh is heat resistant. (rF+) [potion
                  | of mutation]
 77353 | Depths:3 | Gained mutation: Your mind is acute. (Int +2) [potion of
                  | mutation]
 77353 | Depths:3 | Gained mutation: You are frail. (-10% HP) [potion of
                  | mutation]
 77353 | Depths:3 | Gained mutation: Your flesh is cold resistant. (rC+)
                  | [potion of mutation]
 77402 | Depths:3 | Lost mutation: You occasionally shout uncontrollably at
                  | your foes. [potion of mutation]
 77402 | Depths:3 | Lost mutation: You are frail. (-10% HP) [potion of
                  | mutation]
 77402 | Depths:3 | Gained mutation: You are weak. (Str -2) [potion of
                  | mutation]
 77402 | Depths:3 | Gained mutation: You are partially covered in thin metallic
                  | scales. (AC +2) [potion of mutation]
 77417 | Depths:3 | Lost mutation: Your mind is acute. (Int +2) [potion of
                  | mutation]
 77417 | Depths:3 | Lost mutation: You are weak. (Str -2) [potion of mutation]
 77417 | Depths:3 | Lost mutation: You are partially covered in thin metallic
                  | scales. (AC +2) [potion of mutation]
 77417 | Depths:3 | Gained mutation: Armour fits poorly on your strangely
                  | shaped body. [potion of mutation]
 77417 | Depths:3 | Lost mutation: Armour fits poorly on your strangely shaped
                  | body. [potion of mutation]
 77417 | Depths:3 | Gained mutation: Your spells are a little harder to cast,
                  | but a little more powerful. [potion of mutation]
 77493 | Depths:5 | Entered Level 5 of the Depths
 77683 | Depths:5 | Found a gate to the Realm of Zot.
 78068 | Depths:5 | Found a runed translucent gate.
 78068 | Depths:5 | Found a runed translucent gate.
 78068 | Depths:5 | Found a runed translucent gate.
 78075 | Depths:5 | Noticed Ubraesch's ghost (adept TrMo)
 78090 | Depths:5 | Noticed a juggernaut
 79011 | Orc:2    | Bought a manual of Translocations for 1987 gold pieces
 79353 | Depths:3 | Voluntarily entered the Abyss.
 80583 | Abyss:2  | Gained mutation: Armour fits poorly on your strangely
                  | shaped body. [a neqoxec]
 81286 | Depths:3 | Escaped the Abyss
 81526 | Depths:3 | Lost mutation: Armour fits poorly on your strangely shaped
                  | body. [potion of mutation]
 81526 | Depths:3 | Lost mutation: Your spells are a little harder to cast, but
                  | a little more powerful. [potion of mutation]
 81526 | Depths:3 | Lost mutation: Your flesh is cold resistant. (rC+) [potion
                  | of mutation]
 81526 | Depths:3 | Gained mutation: You tend to lose your temper in combat.
                  | [potion of mutation]
 81526 | Depths:3 | Gained mutation: Your system is resistant to poisons.
                  | (rPois) [potion of mutation]
 81526 | Depths:3 | Gained mutation: Your flesh is heat resistant. (rF+)
                  | [potion of mutation]
 81526 | Depths:3 | Gained mutation: Your mind is acute. (Int +2) [potion of
                  | mutation]
 82308 | Tomb:1   | Noticed a greater mummy
 82315 | Tomb:1   | Killed a greater mummy
 82909 | Tomb:1   | Noticed a greater mummy
 82915 | Tomb:1   | Killed a greater mummy
 83004 | Tomb:1   | Noticed a greater mummy
 83013 | Tomb:1   | Killed a greater mummy
 83300 | Tomb:2   | Noticed Boris
 83302 | Tomb:2   | Noticed a greater mummy
 83302 | Tomb:2   | Noticed a greater mummy
 83302 | Tomb:2   | Noticed a greater mummy
 83302 | Tomb:2   | Noticed a greater mummy
 83370 | Tomb:2   | Killed Boris
 83785 | Tomb:2   | Killed a greater mummy
 83943 | Tomb:2   | Killed a greater mummy
 84174 | Tomb:2   | Killed a greater mummy
 84287 | Tomb:1   | Gained mutation: Your spells are a little easier to cast,
                  | but a little less powerful. [mutagenic glow]
 84850 | Tomb:2   | Killed a greater mummy
 85492 | Vaults:1 | Bought 2 potions of mutation for 208 gold pieces
 85492 | Vaults:1 | Lost mutation: Your spells are a little easier to cast, but
                  | a little less powerful. [potion of mutation]
 85492 | Vaults:1 | Lost mutation: Your mind is acute. (Int +2) [potion of
                  | mutation]
 85492 | Vaults:1 | Gained mutation: Your body sometimes deteriorates upon
                  | taking damage. [potion of mutation]
 85492 | Vaults:1 | Lost mutation: You tend to lose your temper in combat.
                  | [potion of mutation]
 85493 | Vaults:1 | Lost mutation: Your flesh is heat resistant. (rF+) [potion
                  | of mutation]
 85493 | Vaults:1 | Lost mutation: Your system is resistant to poisons. (rPois)
                  | [potion of mutation]
 85493 | Vaults:1 | Lost mutation: Your body sometimes deteriorates upon taking
                  | damage. [potion of mutation]
 85493 | Vaults:1 | Gained mutation: You are robust. (+10% HP) [potion of
                  | mutation]
 85493 | Vaults:1 | Gained mutation: You are somewhat resistant to further
                  | mutation. [potion of mutation]
 85786 | Zot:1    | Entered Level 1 of the Realm of Zot
 86572 | Zot:2    | Noticed an orb of fire
 87808 | Tomb:1   | Learned a level 9 spell: Shatter
 88789 | Tomb:1   | Noticed a greater mummy
 88795 | Tomb:1   | Killed a greater mummy
 88806 | Tomb:1   | Noticed a greater mummy
 88806 | Tomb:1   | Noticed a greater mummy
 88812 | Tomb:1   | Noticed a greater mummy
 89012 | Tomb:1   | Noticed a greater mummy
 89025 | Tomb:1   | Noticed a greater mummy
 89034 | Tomb:1   | Killed a greater mummy
 89052 | Tomb:1   | Killed a greater mummy
 89143 | Tomb:1   | Noticed a greater mummy
 89157 | Tomb:1   | Killed a greater mummy
 89240 | Tomb:1   | Killed a greater mummy
 89347 | Tomb:1   | Noticed a greater mummy
 89358 | Tomb:1   | Killed a greater mummy
 89367 | Tomb:1   | Killed a greater mummy
 89876 | Tomb:1   | Killed a greater mummy
 90665 | Tomb:3   | Entered Level 3 of the Tomb of the Ancients
 90689 | Tomb:3   | Noticed a greater mummy
 90693 | Tomb:3   | Noticed a greater mummy
 90693 | Tomb:3   | Noticed a greater mummy
 90694 | Tomb:3   | Noticed a greater mummy
 90725 | Tomb:3   | HP: 13/273 [greater mummy/divine providence (8)]
 90725 | Tomb:3   | Slain by a bennu

Levels and vault maps discovered:
D:1:      psy_arrival_radial01, layout_loops_ring
D:2:      layout_basic, uniq_sigmund
D:3:      layout_rooms, nicolae_ru_sacrificial_ziggurat,
          lemuel_coloured_pillars_altar, gammafunk_temple_overflow_wave,
          first_ration
D:4:      layout_loops_ring, serial_shops, shop, gammafunk_ghost_smash,
          uniq_eustachio
D:5:      layout_loops_cross, basic_altar
D:6:      layout_loops_ring, marbit_many_paths, kennysheep_mini,
          minmay_temple_entry_ruins, serial_shops, nicolae_shop_stone
D:7:      layout_loops_ring, vehumet_statue, kennysheep_mini_moat,
          grunt_livestock, kennysheep_okawaru_gauntlet, uniq_pikel
D:8:      layout_gridville, nicolae_qazlal_eye_of_the_storm, uniq_joseph
D:9:      layout_roguey, grunt_dithmenos_smoke, minmay_lair_entry_grove,
          gammafunk_ghost_cemetery, serial_shops, shop,
          nemelex_diamond_rough_becter
D:10:     layout_irregular_city, gammafunk_ghost_mausoleum, uniq_maurice
D:11:     layout_stronghold
D:12:     minmay_angry_zag, layout_small_grid, david_orc_4, serial_shops, shop,
          gammafunk_ghost_necromancy
D:13:     minmay_cut_squares, layout_irregular_city,
          grunt_vaults_entry_fortified, serial_glass, glass_columns_a,
          glass_columns_a, glass_columns_a, glass_columns_a, glass_columns_c,
          glass_columns_c, glass_columns_c, glass_columns_a, glass_columns_b,
          glass_columns_c, glass_columns_a, glass_columns_a, glass_columns_b,
          glass_columns_a, gauntlet_entry_generic, corexii_leaking_fountain
D:14:     layout_loops_ring, moated_statue, uniq_azrael
D:15:     grunt_enter_depths_snipers, layout_cave_pools,
          chequers_serial_rivers_large_b
Temple:   nicolae_temple_hex_pool
Lair:1:   layout_long_grid, grunt_megastairs_5, uniq_urug
Lair:2:   layout_regular_city, nicolae_spider_entry_non_spiders,
          beast_lair_carwin_9, uniq_gastronok
Lair:3:   layout_hall_layers, minmay_shoals_entry_centaurs
Lair:4:   layout_misc_corridors, zaba_antful_of_joy, minmay_lair_oklob_chamber,
          lemuel_fruit_tree
Lair:5:   layout_gridlike, serial_bayou_crossing
Lair:6:   due_jungle_book, layout_regular_city, slime_altar_1,
          chequers_serial_rivers_marsh, infiniplex_staircase_pool_2,
          serial_bayou_shore_b
Shoals:1: layout_shoals, serial_shops, shop
Shoals:2: layout_shoals, uniq_polyphemus, uniq_kirke
Shoals:3: layout_shoals, uniq_ilsuiw
Shoals:4: shoals_end_simple, layout_shoals, shoals_ilsuiw_ice,
          lemuel_altar_in_water
Spider:1: layout_spider_delve, nicolae_spider_circle_web
Spider:2: layout_spider_delve
Spider:3: layout_spider_delve
Spider:4: grunt_spider_rune_circles, uniq_arachne
Orc:1:    layout_caves, uniq_fannar, uniq_sonja
Orc:2:    st_orc_town, layout_diamond_mine, uniq_donald, uniq_saint_roka
Elf:1:    eino_elf_arrival_sip, layout_gridlike, serial_shops, shop,
          minmay_elf_sorcery
Elf:2:    layout_gridlike, serial_shops, shop
Elf:3:    minmay_elf_hall_spiked, layout_loops_cross, lemuel_statue_altar
Vaults:1: nicolae_vaults_little_squares_1, hangedman_vaults_locks,
          ontoclasm_vaults_bender, v_misc_25, v_misc_31,
          nicolae_vaults_network_quincunx
          [nicolae_vaults_network_quincunx_subvault,
          nicolae_vaults_network_quincunx_subvault,
          nicolae_vaults_network_quincunx_subvault,
          nicolae_vaults_network_quincunx_subvault,
          nicolae_vaults_network_quincunx_subvault],
          nicolae_vaults_network_quinsquares
          [nicolae_vaults_network_quincunx_subvault,
          nicolae_vaults_network_quincunx_subvault,
          nicolae_vaults_network_quincunx_subvault,
          nicolae_vaults_network_quincunx_subvault], vaults_dpeg_cross,
          v_alt_pattern_1, vaults_dpeg_encased_lava, vaults_room_pool,
          vaults_room_stairs_pillars, vaults_room_stairs_pillars,
          vaults_dpeg_hooks, nicolae_vaults_border_crossing,
          layout_vaults_omnicross, serial_shops, nicolae_shop_behind_doors
Vaults:2: vaults_mumra_chevron_long, dpeg_vaults_monster_row,
          minmay_crypt_entry_simple_walls, vaults_room_door_hall,
          vaults_room_semicircle, layout_vaults_quadrants
Vaults:3: nicolae_vaults_big_angled_halls, ontoclasm_vaults_ring_small,
          vaults_mumra_lcd, ontoclasm_vaults_misaligned, v_misc_16,
          hangedman_vaults_unwind, nicolae_vaults_ninety_degrees, v_misc_4,
          special_room_vaults [special_room_orc], v_alt_pattern_5, v_misc_26,
          hangedman_vaults_stream, layout_vaults_ring, uniq_nikola,
          uniq_frederick
Vaults:4: hangedman_vaults_variations, hangedman_vaults_impose, v_pattern_3,
          nicolae_vaults_shelves_hall, vaults_room_large_hall,
          dpeg_vaults_monster_box, vaults_room_pool, vaults_room_stairs_pillars,
          v_rooms_5, grunt_vaults_funnel, nicolae_vaults_mini_display_case,
          layout_vaults_omnibox, serial_shops,
          nicolae_shop_competitors_out_of_business,
          nicolae_trove_entry_crossroad
Vaults:5: serial_shops
Crypt:1:  layout_rooms
Crypt:2:  layout_basic, grunt_ministairs_1, nicolae_crypt_ancient_font
Crypt:3:  quadcrypt_mu, uniq_mara
Tomb:1
Tomb:2:   uniq_boris
Tomb:3
Depths:1: layout_gridville, enter_ziggurat_c, grunt_hell_entry_dis_mu,
          chequers_hall_statues_y, solitary_fountain, abandoned_shop, laboratory
Depths:2: minmay_the_grid_3x3 [minmay_the_grid_paths, minmay_the_grid_rooms,
          minmay_the_grid_stretched_grid, minmay_the_grid_mess,
          minmay_the_grid_all_tris, minmay_the_grid_x, minmay_the_grid_eight,
          minmay_the_grid_outer_diamond, minmay_the_grid_prize_shrinking_boxes],
          layout_basic, hellmouth_1
Depths:3: radiant_caverns_b_rkd, pan_entry, abyss_entry, hell_entry
Depths:4: minmay_heptahexagon, layout_cave_shapes, grunt_mini_vestibule,
          abyss_entry_crystal, serial_shops, shop, shop, kennysheep_little_box,
          chequers_serial_rivers_micro_a, uniq_margery, uniq_mennas,
          uniq_sojobo, uniq_xtahua
Depths:5: grunt_zot_entry_funnels, layout_gridlike, grunt_decor_arrowhead,
          gammafunk_ghost_tricky_traps, hell_entry,
          abyss_entry_small_statue_room, st_stairs_14, hangedman_decor_lopped,
          nooodl_food_tri
Zot:1:    layout_misc_corridors
Zot:2:    layout_misc_corridors

Skill      XL: |  1  2  3  4  5  6  7  8  9 10 11 12 13 14 15 16 17 18 19 20 21 22 23 24 25 26 27 |
---------------+----------------------------------------------------------------------------------+-----
Spellcasting   | 5 6 7 8 9 10 11 12 13 14 15 16 17 19 | 19.8
Fighting       | 3 4 5 6 7 9 10 11 13 14 15 16 17 18 19 20 21 22 23 | 23.8
Short Blades   | 1 2 3 4 5 6 7 8 9 10 11 12 13 14 15 16 19 | 19.4
Long Blades    | 1 2 3 4 5 7 8 10 11 12 13 14 15 16 17 18 19 20 21 22 23 | 23.8
Axes           | 1 2 3 4 5 6 7 8 9 10 11 12 13 14 15 16 19 | 19.4
Maces & Flails | 1 2 3 4 5 6 7 8 9 10 11 12 13 14 15 16 19 | 19.4
Polearms       | 1 2 3 4 5 6 7 8 9 10 11 12 13 14 15 16 19 | 19.4
Staves         | 1 2 3 4 5 6 7 8 9 10 11 12 13 14 15 16 19 | 19.8
Slings         | 1 2 3 4 5 6 7 8 9 10 11 12 13 14 15 16 19 | 19.4
Bows           | 1 2 3 4 5 6 7 8 9 10 11 12 13 14 15 16 19 | 19.4
Crossbows      | 1 2 3 4 5 6 7 8 9 10 11 12 13 14 15 16 19 | 19.4
Throwing       | 1 2 3 4 5 6 7 8 9 10 11 12 13 14 15 16 19 | 19.4
Armour         | 1 2 3 4 5 6 7 8 9 10 11 12 13 14 15 16 20 | 20.9
Stealth        | 1 2 3 4 5 6 7 8 9 10 11 12 13 14 15 16 19 | 19.4
Shields        | 1 2 3 4 5 6 7 8 9 10 11 12 13 14 15 16 19 | 19.4
Conjurations   | 1 2 3 4 5 6 7 8 9 10 11 12 13 14 16 | 16.8
Hexes          | 1 2 3 4 5 6 7 8 9 10 11 12 13 14 16 | 16.8
Charms         | 1 2 3 4 5 6 7 8 9 10 11 12 13 14 16 | 16.8
Summonings     | 1 2 3 4 5 6 7 8 9 10 11 12 13 14 16 | 16.8
Necromancy     | 1 2 3 4 5 6 7 8 9 10 11 12 13 14 16 | 16.8
Translocations | 1 2 3 4 5 6 7 8 9 10 11 12 13 14 17 | 17.7
Fire Magic     | 1 2 3 4 5 6 7 8 9 10 11 12 13 14 16 | 16.8
Ice Magic      | 1 2 3 4 5 6 7 8 9 10 11 12 13 14 16 | 16.8
Air Magic      | 1 2 3 4 5 6 7 8 9 10 11 12 13 14 16 | 16.8
Earth Magic    | 1 2 3 4 5 6 7 8 9 10 11 12 13 14 16 | 16.8
Poison Magic   | 1 2 3 4 5 6 7 8 9 10 11 12 13 14 16 | 16.8
Invocations    | 1 2 3 4 5 6 7 8 9 10 11 12 13 14 15 16 17 18 20 | 20.8
Evocations     | 1 2 3 4 5 6 7 8 9 10 11 12 13 14 15 16 19 | 19.4
Transmutations | 4 5 6 7 8 9 10 11 12 13 14 15 17 | 17.1
Dodging        | 5 6 7 8 9 10 11 12 13 14 15 16 17 19 | 19.8
Unarmed Combat | 7 8 9 10 11 12 13 14 15 16 17 20 | 20.1

Action                   |  1- 3 |  4- 6 |  7- 9 | 10-12 | 13-15 | 16-18 | 19-21 | 22-24 | 25-27 || total
-------------------------+-------+-------+-------+-------+-------+-------+-------+-------+-------++-------
Melee: Unarmed           |    12 |   119 |   161 |   260 |   413 |   597 |   479 |   732 |   359 ||  3132
       Punch             |     5 |     1 |     4 |    20 |    31 |    35 |    30 |    61 |    54 ||   241
       Kick              |     5 |       |       |       |       |       |       |       |       ||     5
       Bite              |     8 |     7 |    13 |    46 |   107 |    78 |    68 |   130 |   387 ||   844
       Dagger            |    89 |    10 |       |       |       |       |       |       |       ||    99
       Headbutt          |    10 |       |       |       |       |       |       |       |       ||    10
       Double sword      |       |       |       |    52 |    15 |       |       |       |       ||    67
       Staff             |       |       |       |       |    66 |    69 |     7 |       |    20 ||   162
       Rapier            |       |       |       |       |    27 |     8 |    22 |       |   452 ||   509
       Tailslap          |       |       |       |       |    18 |    32 |    26 |    20 |    13 ||   109
       Great mace        |       |       |       |       |       |       |       |    48 |   769 ||   817
       Hand axe          |       |       |       |       |       |       |       |       |   238 ||   238
 Fire: Hand crossbow     |       |       |       |       |       |       |   518 |   304 |   957 ||  1779
Throw: Stone             |    24 |       |       |       |       |       |       |       |       ||    24
       Boomerang         |       |     7 |    34 |    25 |       |       |       |       |       ||    66
       Dart              |       |       |       |    23 |    14 |   184 |    49 |       |       ||   270
       Javelin           |       |       |       |       |       |       |       |       |    15 ||    15
 Cast: Beastly Appendage |    13 |     2 |       |       |       |       |       |       |       ||    15
       Sticks to Snakes  |     2 |     1 |       |    48 |    84 |       |       |     1 |    40 ||   176
       Spider Form       |     1 |    27 |     7 |       |     2 |       |       |       |       ||    37
       Blade Hands       |       |     1 |    22 |    60 |    43 |    55 |    50 |    50 |    40 ||   321
       Ice Form          |       |       |       |     2 |     3 |       |       |       |       ||     5
       Dazzling Spray    |       |       |       |       |    35 |     1 |       |       |       ||    36
       Dragon Form       |       |       |       |       |    18 |    40 |    13 |     8 |    17 ||    96
       Bolt of Cold      |       |       |       |       |     7 |    15 |     5 |    13 |     3 ||    43
       Hydra Form        |       |       |       |       |       |    15 |    26 |    18 |     2 ||    61
       Ignite Poison     |       |       |       |       |       |    67 |     9 |       |       ||    76
       Throw Icicle      |       |       |       |       |       |    11 |     8 |       |       ||    19
       Inner Flame       |       |       |       |       |       |    34 |    11 |     6 |       ||    51
       Conjure Flame     |       |       |       |       |       |    11 |     1 |     2 |       ||    14
       Alistair's Intoxi |       |       |       |       |       |       |     4 |     1 |       ||     5
       Metabolic Englaci |       |       |       |       |       |       |     8 |     6 |     7 ||    21
       Ozocubu's Armour  |       |       |       |       |       |       |     8 |    17 |     1 ||    26
       Aura of Abjuratio |       |       |       |       |       |       |       |     5 |    23 ||    28
       Deflect Missiles  |       |       |       |       |       |       |       |     4 |     7 ||    11
       Statue Form       |       |       |       |       |       |       |       |       |     6 ||     6
       Lee's Rapid Decon |       |       |       |       |       |       |       |       |     9 ||     9
       Song of Slaying   |       |       |       |       |       |       |       |       |    44 ||    44
       Regeneration      |       |       |       |       |       |       |       |       |    37 ||    37
       Borgnjor's Vile C |       |       |       |       |       |       |       |       |    27 ||    27
       Darkness          |       |       |       |       |       |       |       |       |    19 ||    19
       Invisibility      |       |       |       |       |       |       |       |       |    11 ||    11
       Shatter           |       |       |       |       |       |       |       |       |     4 ||     4
Invok: Bend Time         |       |       |       |     1 |       |     2 |     1 |     2 |       ||     6
       Slouch            |       |       |       |     1 |     7 |    12 |    23 |     7 |    13 ||    63
       Temporal Distorti |       |       |       |       |       |     8 |     1 |     1 |     8 ||    18
       Step From Time    |       |       |       |       |       |     3 |     4 |     8 |    15 ||    30
 Abil: Evoke Flight      |       |     1 |       |       |       |       |       |       |       ||     1
       End Transformatio |       |     1 |     1 |     1 |     3 |    11 |    20 |    13 |    16 ||    66
       Breathe Fire      |       |       |       |       |    10 |     4 |     1 |     1 |     1 ||    17
Evoke: Wand              |       |       |       |     8 |    23 |     2 |    22 |    18 |    44 ||   117
       Sack of spiders   |       |       |       |       |     3 |       |       |       |       ||     3
       Fan of gales      |       |       |       |       |     2 |     2 |     2 |     4 |    11 ||    21
       Box of beasts     |       |       |       |       |       |     1 |       |     1 |       ||     2
       Lightning rod     |       |       |       |       |       |       |     1 |     4 |       ||     5
       Lamp of fire      |       |       |       |       |       |       |       |     8 |    18 ||    26
       Phial of floods   |       |       |       |       |       |       |       |       |     9 ||     9
       Crystal ball of e |       |       |       |       |       |       |       |       |     4 ||     4
       Phantom mirror    |       |       |       |       |       |       |       |       |     1 ||     1
  Use: Scroll            |       |       |       |    17 |    20 |    23 |    16 |    16 |    44 ||   136
       Potion            |       |       |       |     2 |    13 |     8 |     5 |    11 |    34 ||    73
 Stab: Sleeping          |     1 |     4 |     2 |     9 |     4 |     4 |     6 |     2 |    11 ||    43
       Distracted        |       |       |       |     1 |     3 |     1 |     1 |     1 |    16 ||    23
       Invisible         |       |       |       |       |    16 |       |       |     1 |    20 ||    37
       Paralysed         |       |       |       |       |       |     2 |       |       |       ||     2
       Confused          |       |       |       |       |       |       |       |     1 |     1 ||     2
       Betrayed ally     |       |       |       |       |       |       |       |     2 |       ||     2
  Eat: Chunk             |     1 |     9 |    16 |    16 |    21 |    20 |     7 |     1 |    10 ||   101
       Ration            |       |       |       |     3 |     3 |     2 |     7 |     2 |    15 ||    32
Armor: Robe              |    21 |     3 |    11 |    18 |       |    11 |     6 |       |   101 ||   171
       Skin              |       |     1 |     4 |     5 |    82 |    68 |    68 |    84 |    57 ||   369
       Leather armour    |       |       |       |    28 |     1 |       |       |       |       ||    29
       Plate armour      |       |       |       |       |   188 |   142 |   129 |   219 |   576 ||  1254
       Crystal plate arm |       |       |       |       |       |       |    11 |     1 |       ||    12
       Scale mail        |       |       |       |       |       |       |       |    12 |    36 ||    48
       Shadow dragon sca |       |       |       |       |       |       |       |     1 |       ||     1
       Gold dragon scale |       |       |       |       |       |       |       |       |    53 ||    53
Dodge: Dodged            |   102 |   115 |   110 |   367 |   583 |   593 |   618 |  1009 |  2708 ||  6205
       Deflected         |       |       |       |       |       |       |       |    22 |    55 ||    77
Block: Other             |       |       |       |       |    88 |    34 |    35 |   183 |    71 ||   411
       Reflection        |       |       |       |       |     1 |       |    21 |    65 |    57 ||   144
       Buckler           |       |       |       |       |       |    24 |   166 |    52 |   684 ||   926
       Shield            |       |       |       |       |       |       |       |    88 |   125 ||   213
       Rpst.: Double sword |       |       |       |    18 |     3 |       |       |       |       ||    21
